 Dungeon Crawl Stone Soup version 0.31-a0-489-g282fc92437 (webtiles) character file.

Game seed: 998887838568134705

48 Ethylacetat the Trooper (level 3, -2/27 HPs)
             Began as an Octopode Gladiator on Aug 8, 2023.
             Slain by Robin
             ... wielding a +0 spear
              (3 damage)
             ... on level 2 of the Dungeon.
             The game lasted 00:02:08 (925 turns).

Ethylacetat the Trooper (Octopode Gladiator)         Turns: 925, Time: 00:02:09

Health: -2/27      AC:  1    Str: 13    XL:     3   Next: 72%
Magic:  3/3        EV: 14    Int: 10    God:
Gold:   46         SH:  0    Dex: 15    Spells: 2/2 levels left

rFire   . . .        a - +0 rapier
rCold   . . .        (no shield)
rNeg    . . .        b - +0 hat
rPois   .            (no amulet)
rElec   .            (no ring)
rCorr   .            (no ring)
SInv    .            (no ring)
Will    .....        (no ring)
Stlth   ++           (no ring)
HPRegen 0.24/turn    (no ring)
MPRegen 0.08/turn    (no ring)
                     (no ring)

%: no passive effects
@: mighty, lethally poisoned (-2 -> -5), invisible
A: almost no armour, amphibious, 8 rings, camouflage 1, gelatinous body 1,
(nimble swimmer 1), tentacles
a: no special abilities


You were on level 2 of the Dungeon.
You visited 1 branch of the dungeon, and saw 2 of its levels.

You collected 46 gold pieces.

Inventory:

Hand Weapons
 a - a +0 rapier (weapon)
Missiles
 c - 3 throwing nets (quivered)
 d - a javelin
Armour
 b - a +0 hat (worn)
Scrolls
 f - 3 scrolls of enchant armour {unknown}
 g - a scroll of fear {unknown}
 h - a scroll of torment {unknown}
Potions
 j - a potion of resistance {unknown}


   Skills:
 + Level 4.0 Fighting
 - Level 3.0 Short Blades
 - Level 2.0 Throwing
 - Level 3.0 Dodging


You had 2 spell levels left.
You didn't know any spells.
Your spell library was empty.

Dungeon Overview and Level Annotations

Branches:
Dungeon (2/15)

Altars:

Annotations:
D:2 Robin


Innate Abilities, Weirdness & Mutations

You cannot wear most types of armour.
You are amphibious.
You can wear up to eight rings at the same time.
Your skin changes colour to match your surroundings (Stealth+).
Your rubbery body absorbs attacks. (AC +1, EV +1)
((You are camouflaged when in or above water. (Stealth+)))
You have tentacles for arms and can constrict up to eight enemies at once.


Message History

You kill the goblin!
A goblin comes into view. It is wielding a +0 dagger.
You miss the goblin. You grab the goblin. You constrict the goblin.
The goblin misses you.
You barely miss the goblin. You squeeze the goblin.
You kill the goblin!
You barely miss the goblin. You grab the goblin. You constrict the goblin.
The goblin hits you with a +2 dagger of venom.
You are poisoned.
You hit the goblin.
You kill the goblin!
You feel very sick.
A worm comes into view.
The ball python barely misses you. The ball python grabs you.
The ball python constricts you.
You barely miss the ball python. You grab the ball python.
You constrict the ball python.
You feel sick. Robin throws the goblin at you! The goblin barely misses you.
The ball python misses you. The ball python constricts you.
You are too injured to fight recklessly!
You are too injured to fight recklessly!
You miss the goblin. You grab the goblin. Your squeeze misses the goblin.
You constrict the ball python.
You kill the ball python!
You constrict the goblin.
You feel sick. The goblin hits you with a +0 dagger.
Unknown command.
It was a potion of might.
You feel very mighty all of a sudden.
You constrict the goblin.
You kill the goblin!
You feel sick. The hobgoblin closely misses you.
Robin roars a battlecry!
The goblins go into a battle-frenzy!
Your Fighting skill increases to level 4!
It was a potion of invisibility.
You fade into invisibility!
You feel sick. The hobgoblin hits you.
* * * LOW HITPOINT WARNING * * *
Robin hits you from afar with a +0 spear.
You die...

###########################.##
#.# ♣♣♣♣♣♣ #.# ♣♣....♣♣♣ #.#
♣♣♣♣..♣♣♣..♣♣♣ #.# ......♣
♣♣♣..♣♣♣ #.# ♣♣...♣♣ ♣♣♣..♣♣
#.# ♣(..♣♣♣♣ ♣♣♣)♣♣ #.#
♣♣♣†....♣ ♣♣@♣ #.# ..†.♣♣♣♣.♣
♣g♣ #.# .♣♣♣♣


.gg #.# ♣♣ ♣♣♣r. #.# ♣ ..! #.# ♣$.. #.# ♣♣♣♣ #.# #.# ###.# You could see Robin
(unable to see you), a hobgoblin (strong, unable to see you), a goblin (strong,
unable to see you) and a rat (unable to see you).

Vanquished Creatures
  2 worms (D:2)
  2 dart slugs
  2 endoplasms (D:1)
  A giant cockroach (D:1)
  10 goblins
  4 hobgoblins
  A quokka (D:1)
  4 ball pythons
  6 bats
  A kobold (D:1)
  A rat (D:1)
34 creatures vanquished.

Notes
Turn   | Place    | Note
-------+----------+-------------------------------------------
     0 | D:1      | Ethylacetat the Octopode Gladiator began the quest for the
                  | Orb.
     0 | D:1      | Reached XP level 1. HP: 14/14 MP: 1/1
    64 | D:1      | Reached XP level 2. HP: 17/20 MP: 2/2
   220 | D:1      | Reached skill level 3 in Fighting
   581 | D:2      | Reached XP level 3. HP: 26/26 MP: 3/3
   916 | D:2      | Noticed Robin
   925 | D:2      | Reached skill level 4 in Fighting
   925 | D:2      | HP: 1/27 [hobgoblin[Robin] (6)]
   925 | D:2      | Slain by Robin

Illustrated notes

Levels and vault maps discovered:
D:1:      tarquinn_simple_flora_water_c, layout_rooms
D:2:      kb_forest_paths, layout_basic, uniq_robin

Skill      XL: |  1  2  3 |
---------------+----------+-----
Fighting       | 3 4 |  4.0
Short Blades   | |  3.0
Throwing       | |  2.0
Dodging        | |  3.0

Action                     || total
---------------------------++-------
  Melee: Rapier            ||    62
         Constrict         ||    22
         Tentacles         ||    16
    Use: Potion            ||     2
   Stab: Sleeping          ||     4
 Armour: Skin              ||     4
  Dodge: Dodged            ||    37

Table legend: (Time is in decaauts)
 A = Elapsed time spent in this place.
 B = Non-inter-level travel time spent in this place.
 C = Inter-level travel time spent in this place.
 D = Time resting spent in this place.
 E = Time spent auto-exploring this place.
 F = Levels seen in this place.
 G = Mean time per level.
                   A        B        C        D        E       F      G
               +--------+--------+--------+--------+--------+-----+--------+
         Total |    928 |    901 |     27 |      0 |    731 |   2 |  464.0 |
       Dungeon |    928 |    901 |     27 |      0 |    731 |   2 |  464.0 |
               +--------+--------+--------+--------+--------+-----+--------+

Top non-repeatable levels by time:
     D:1: 481 daAuts
     D:2: 446 daAuts
